 Dungeon Crawl Stone Soup version 0.15-a0-1880-g53e602b (webtiles) character file.

189 Kenran the Chopper (level 5, -10/45 HPs)
             Began as a Hill Orc Fighter on July 5, 2014.
             Mangled by Prince Ribbit (13 damage)
             ... on Level 4 of the Dungeon.
             The game lasted 00:06:12 (2706 turns).

Kenran the Chopper (Hill Orc Fighter)               Turns: 2706, Time: 00:06:12

HP -10/45        AC  9     Str 20      XL: 5   Next: 68%
MP   5/5         EV 11     Int  8      God:
Gold 133         SH  9     Dex 15      Spells:  0 memorised,  4 levels left

rFire  . . .     SeeInvis .     a - +1 war axe
rCold  . . .     Clarity  .     b - +0 scale mail
rNeg   . . .     rCorr    .     c - +0 shield
rPois  .         rRot     .     (no helmet)
rElec  .         Spirit   .     l - +1 cloak
SustAb .         Warding  .     (no gloves)
rMut   .         Stasis   .     (no boots)
Gourm  +                        k - amulet of the gourmand
MR     .....                    (no ring)
                                (no ring)

@: agile, lethally poisoned, glowing, not resistant to hostile enchantments,
very unstealthy
A: no striking features
a: no special abilities


You were on level 4 of the Dungeon.
You were not hungry.

You visited 1 branch of the dungeon, and saw 4 of its levels.

You collected 133 gold pieces.

Inventory:

Hand weapons
 a - a +1 war axe (weapon)
Armour
 b - a +0 scale mail (worn)
 c - a +0 shield (worn)
 l - a +1 cloak (worn)
Comestibles
 d - 3 meat rations
 g - a bread ration
 i - 3 beef jerkies
Scrolls
 f - a scroll of enchant weapon
 h - a scroll of magic mapping
 m - 2 scrolls of identify
Jewellery
 k - an amulet of the gourmand (around neck)
Potions
 e - a potion of might
 p - a potion of mutation


   Skills:
 - Level 3.6 Fighting
 + Level 7.5 Axes
 - Level 3.2 Armour
 - Level 3.2 Shields


You had 4 spell levels left.
You didn't know any spells.

Dungeon Overview and Level Annotations

Branches:
Dungeon (4/15)
 Temple: D:4-7

Altars:
Dithmenos
Gozag
Sif Muna
The Shining One

Annotations:
D:4 Dowan, Duvessa, Prince Ribbit


Message History

Your magical contamination has completely faded away.
Dowan points at you and mumbles some strange words.
You are outlined in light.
Drink which item? (? for menu, Esc to quit)
That liquid tasted very nasty...
You are poisoned.
It was a potion of poison.
* * * LOW HITPOINT WARNING * * *
You feel sick.
Prince Ribbit blinks!
Drink which item? (? for menu, Esc to quit)
Magic courses through your body.
It was a potion of magic.
You feel sick.
Drink which item? (? for menu, Esc to quit)
You feel agile all of a sudden.
It was a potion of agility.
You feel sick. You block Dowan's attack.
You hit Dowan.
Dowan is moderately wounded.
Prince Ribbit momentarily phases out as your attack passes through him.
You feel sick. Prince Ribbit hits you!
* * * LOW HITPOINT WARNING * * *
Dowan hits you but does no damage. Prince Ribbit hits you!
You die...

.## #......#
#...###.......# #.. #
#............# #.. ...
#............###..
....###.........##......
......#.........##.....
#..............#....#
##....)#............#
#..e@F.##............
..!.......#####........<.
..##.....# #...........
####... #...##......
#....#..####..##..
#......# ##.#... #..#...
#..... #.##..# #.....
..##.. #.....


You could see Prince Ribbit and Dowan.

Vanquished Creatures
  Crazy Yiuf (D:3)
  An orc wizard (D:3)
  Ijyb (D:2)
  Jessica (D:2)
  Terence (D:3)
  2 adders (D:2)
  2 worms
  2 giant geckos
  An ooze (D:1)
  4 orcs (D:3)
  A ball python (D:2)
  3 giant cockroaches
  4 goblins
  8 hobgoblins
  7 kobolds
  2 quokkas (D:2)
  4 bats
  4 giant newts (D:1)
  5 jackals (D:1)
  A rat (D:1)
55 creatures vanquished.

Notes
Turn   | Place    | Note
--------------------------------------------------------------
     0 | D:1      | Kenran, the Hill Orc Fighter, began the quest for the Orb.
     0 | D:1      | Reached XP level 1. HP: 19/19 MP: 1/1
   243 | D:1      | Reached XP level 2. HP: 19/26 MP: 2/2
   378 | D:1      | Reached skill level 4 in Axes
   918 | D:1      | Reached XP level 3. HP: 28/31 MP: 3/3
  1124 | D:2      | Found a shadowy altar of Dithmenos.
  1126 | D:2      | Noticed Ijyb
  1138 | D:2      | Killed Ijyb
  1138 | D:2      | Reached skill level 5 in Axes
  1163 | D:2      | Reached XP level 4. HP: 39/39 MP: 4/4
  1348 | D:2      | Reached skill level 6 in Axes
  1556 | D:2      | Noticed Jessica
  1560 | D:2      | Killed Jessica
  1688 | D:2      | Found a deep blue altar of Sif Muna.
  1845 | D:3      | Found a glowing golden altar of the Shining One.
  1866 | D:3      | Noticed Terence
  1878 | D:3      | Killed Terence
  1878 | D:3      | Reached XP level 5. HP: 39/45 MP: 5/5
  1982 | D:3      | Reached skill level 7 in Axes
  2128 | D:3      | Found an opulent altar of Gozag.
  2354 | D:3      | Noticed Crazy Yiuf
  2365 | D:3      | Killed Crazy Yiuf
  2694 | D:4      | Noticed Prince Ribbit
  2694 | D:4      | Noticed Duvessa
  2697 | D:4      | Noticed Dowan
  2706 | D:4      | Mangled by Prince Ribbit

Action                   |  1- 3 |  4- 6 || total
-------------------------+-------+-------++-------
Melee: War axe           |   103 |   102 ||   205
  Use: Scroll            |     3 |     4 ||     7
       Potion            |       |     4 ||     4
